 Dungeon Crawl Stone Soup version 0.27-a0-1359-ga2a4dfd6fd (webtiles) character file.

Game seed: 1786348049836606277

39 robertstho the Skirmisher (level 3, 0/51 HPs)
             Began as a Minotaur Berserker on June 28, 2021.
             Was a Follower of Trog.
             Succumbed to Terence's poison
             ... on level 2 of the Dungeon.
             The game lasted 00:01:02 (929 turns).

robertstho the Skirmisher (Minotaur Berserker)       Turns: 929, Time: 00:01:02

Health: 0/51       AC:  5    Str: 21    XL:     3   Next: 28%
Magic:  2/2        EV: 11    Int:  5    God:    Trog [*.....]
Gold:   79         SH:  0    Dex:  9    Spells: 2/2 levels left

rFire    + . .     SeeInvis .   a - +0 hand axe
rCold    . . .     Faith    .   (no shield)
rNeg     . . .     Spirit   .   e - +0 ring mail
rPois    .         Reflect  .   (helmet restricted)
rElec    .         Harm     .   (no cloak)
rCorr    .         Rampage  .   (no gloves)
Will     .....                  (no boots)
Stlth    ..........             (no amulet)
HPRegen  0.17/turn              d - ring of protection from fire
MPRegen  0.08/turn              (no ring)

@: berserking (expiring), lethally poisoned (0 -> -29), very quick
A: horns 2, retaliatory headbutt
a: Renounce Religion, Berserk


You were on level 2 of the Dungeon.
You worshipped Trog.
Trog was aware of your devotion.
You visited 1 branch of the dungeon, and saw 2 of its levels.

You collected 79 gold pieces.

Inventory:

Hand Weapons
 a - a +0 hand axe (weapon)
Armour
 e - a +0 ring mail (worn)
Jewellery
 d - a ring of protection from fire (left hand)
Scrolls
 c - 2 scrolls of enchant armour {unknown}


   Skills:
 * Level 4.6 Fighting
 + Level 4.1 Axes
 * Level 2.8 Armour
 + Level 2.2 Dodging


You had 2 spell levels left.
You didn't know any spells.
Your spell library was empty.

Dungeon Overview and Level Annotations

Branches:
Dungeon (2/15)

Altars:

Annotations:
D:2 Terence


Innate Abilities, Weirdness & Mutations

You have a pair of horns on your head.
You reflexively headbutt those who attack you in melee.


Message History

No target in view!
No target in view!
No target in view!
No target in view!
No target in view!
No target in view!
No target in view!
No target in view!
No target in view!
No target in view!
No target in view!
No target in view!
Found 10 sling bullets.
A giant cockroach and Terence come into view.
Terence is wielding a +0 trident of venom.
Terence shouts!
You hear a shout!
Terence drinks a potion.
Terence goes berserk!
There are monsters nearby!
There are monsters nearby!
There are monsters nearby!
Terence hits you from afar with a +0 trident of venom!
You are poisoned.
Terence hits you from afar with a +0 trident of venom.
You are lethally poisoned!
You see here 10 sling bullets.
A red film seems to cover your vision as you go berserk!
You feel yourself moving faster!
You feel mighty!
You feel very sick. Terence hits you but does no damage.
You are lethally poisoned!
You feel a strong urge to attack something.
You feel very sick.
Terence hits you from afar with a +0 trident of venom!
* * * LOW HITPOINT WARNING * * *
You are more poisoned.
You hear a shout!
* * * LOW HITPOINT WARNING * * *
You feel very sick.
You feel your anger nearly subside.
You die...

###.#...........
+......
.............#
#≈.8...
.............#
#≈.....
#..........#
#≈≈≈..≈
#..B......#
#####++# #..@# #.#
#.# #.. #.#.## #.#
#.# #.# #.# #.#
#.# #.#
#@####.####.###.#
#...............##
######.###........
#.# #.####... #.#
#.# #.#. #.###.##
#.#.
###.##...###.#.
#......#.....#.
#.#.##...#####>


You could see Terence (berserk) and a giant cockroach.

Vanquished Creatures
  3 dart slugs
  A ball python (D:1)
  2 bats
  5 endoplasms
  6 goblins
  A hobgoblin (D:1)
  4 jackals (D:2)
  5 kobolds
  3 rats
30 creatures vanquished.

Notes
Turn   | Place    | Note
-------+----------+-------------------------------------------
     0 | D:1      | robertstho the Minotaur Berserker began the quest for the
                  | Orb.
     0 | D:1      | Reached XP level 1. HP: 19/19 MP: 0/0
   107 | D:1      | Reached XP level 2. HP: 24/27 MP: 1/1
   667 | D:2      | Reached XP level 3. HP: 34/34 MP: 2/2
   924 | D:2      | Noticed Terence
   929 | D:2      | Succumbed to Terence's poison

Illustrated notes

Levels and vault maps discovered:
D:1:      saegor_arrival_simple_b, layout_loops_ring, chequers_garden
D:2:      layout_loops_ring, kennysheep_generic_room_7, uniq_terence

Skill      XL: |  1  2 |
---------------+-------+-----
Fighting       | 4 |  4.6
Axes           | 4 |  4.1
Armour         | |  2.8
Dodging        | |  2.2

Action                   || total
-------------------------++-------
Melee: Hand axe          ||    58
       Headbutt          ||     7
Invok: Berserk           ||     2
 Stab: Sleeping          ||     1
Armor: Animal skin       ||     7
       Ring mail         ||     5
Dodge: Dodged            ||    37

Table legend: (Time is in decaauts)
 A = Elapsed time spent in this place.
 B = Non-inter-level travel time spent in this place.
 C = Inter-level travel time spent in this place.
 D = Time resting spent in this place.
 E = Time spent auto-exploring this place.
 F = Levels seen in this place.
 G = Mean time per level.
                   A        B        C        D        E       F      G
               +--------+--------+--------+--------+--------+-----+--------+
         Total |    941 |    907 |     34 |      0 |    734 |   2 |  470.5 |
       Dungeon |    941 |    907 |     34 |      0 |    734 |   2 |  470.5 |
               +--------+--------+--------+--------+--------+-----+--------+

Top non-repeatable levels by time:
     D:1: 654 daAuts
     D:2: 287 daAuts
